AoeStats
← Infadel

Arabia

510216599Analyzed
1v1 RM · 2d ago on Sep 30, 2026· 41m 46s· 2 players
Game mode
Random Map
Map size
Tiny (2 player)
Population
200
Speed
Normal
Resources
Standard
Victory
Conquest
Starting age
Dark Age
Ending age
Imperial Age
RankedLock teamsTeams togetherTeam positionsShared explorationLock speedFull tech treeHidden civsTurbo modeCheats
Victory
Defeat
🇨🇱 Britons · Chile
1127
+16
🇮🇳 Koreans · India
1125
-16
Infadel
9:54 Feudal Age
10:33 Double-Bit Axe
12:43 Loom
15:09 Fletching
19:15 Stone Mining
23:05 Gold Mining
26:14 Castle Age
25:09 Horse Collar
26:16 Scale Mail Armor
26:50 Forging
27:22 Bow Saw
27:38 Bodkin Arrow
32:25 Wheelbarrow
32:39 Gold Shaft Mining
35:42 Iron Casting
35:12 Scale Barding Armor
36:54 Town Watch
39:46 Light Cavalry
fabyyyy1
6:31 Loom
9:22 Feudal Age
10:17 Double-Bit Axe
14:14 Fletching
18:17 Padded Archer Armor
19:25 Town Watch
23:54 Castle Age
22:13 Horse Collar
22:47 Gold Mining
23:58 Crossbowman
24:38 Bodkin Arrow
25:01 Bow Saw
25:31 Scale Barding Armor
26:50 Ballistics
27:25 Forging
28:20 Husbandry
30:29 Wheelbarrow
30:50 Elite Skirmisher
31:29 Stone Mining
35:32 Heavy Plow
36:05 Pikeman
37:23 Iron Casting
41:41 Imperial Age
40:28 Scale Mail Armor
41:15 Leather Archer Armor
42:03 Murder Holes
42:19 Masonry
Connection lost

Rejoining the realm…

Still unreachable

The connection could not be restored.

Session expired

The server has moved on; the page needs a fresh start.